 Dungeon Crawl Stone Soup version 0.21.1-1-g345015fe64 (webtiles) character file.

10850 RepoMan the Carver (level 11, 99/99 HPs)
             Began as a Minotaur Gladiator on Apr 24, 2018.
             Was a Follower of Uskayaw.
             Got out of the dungeon alive.
             The game lasted 01:07:02 (9258 turns).

RepoMan the Carver (Minotaur Gladiator)             Turns: 9258, Time: 01:07:02

Health: 99/99      AC:  8    Str: 22    XL:     11   Next: 41%
Magic:  10/10      EV: 16    Int:  3    God:    Uskayaw [*.....]
Gold:   450        SH: 14    Dex: 20    Spells: 10/10 levels left

rFire    . . .     SeeInvis .   K - +4 falchion of Equivalence {holy, rC+ rN+ Str+3 Int-2}
rCold    + + +     Gourm    .   H - +3 shield
rNeg     + + .     Faith    .   B - +0 ring mail of Hypnul {+Fly rC++ Regen+ rCorr}
rPois    .         Spirit   .   G - +2 hat
rElec    .         Reflect  .   I - scarf {repulsion}
rCorr    +         Harm     .   (no gloves)
MR       .....                  (no boots)
Stlth    +.........             m - amulet of regeneration
HPRegen  1.06/turn              j - ring of positive energy
MPRegen  0.12/turn              y - +5 ring of dexterity

@: repel missiles
A: retaliatory headbutt, horns 2
a: Stomp, Renounce Religion, Evoke Flight


You escaped.
You worshipped Uskayaw.
Uskayaw was noncommittal.
You were not hungry.

You visited 2 branches of the dungeon, and saw 11 of its levels.
You also visited: Ossuary.

You collected 714 gold pieces.
You spent 264 gold pieces at shops.

Inventory:

Hand Weapons
 a - a +1 long sword
 u - a +2 trident of venom
 E - a +0 scythe
 K - the +4 falchion of Equivalence (weapon) {holy, rC+ rN+ Str+3 Int-2}
   (You found it on level 8 of the Dungeon)

   It has been blessed by the Shining One to cause great damage to the undead
   and demons.
   It affects your strength (+3).
   It affects your intelligence (-2).
   It protects you from cold.
   It protects you from negative energy.
 L - a +0 dagger of chaos
Missiles
 d - a throwing net (quivered)
Armour
 B - the +0 ring mail of Hypnul (worn) {+Fly rC++ Regen+ rCorr}
   (You took it off a gnoll on level 4 of the Dungeon)

   It greatly protects you from cold.
   It lets you fly.
   It increases your rate of regeneration.
   It protects you from acid and corrosion.
 G - a +2 hat (worn)
 H - a +3 shield (worn)
 I - a scarf of repulsion (worn)
 J - the +1 plate armour "Ipaevu Anau" {*Contam rElec rPois, unknown}
   (You found it on level 8 of the Dungeon)

   It insulates you from electricity.
   It protects you from poison.
   It causes magical contamination when unequipped.
Jewellery
 j - a ring of positive energy (left hand)
 m - an amulet of regeneration (around neck)
 r - an uncursed ring of wizardry
 y - a +5 ring of dexterity (right hand)
 A - an uncursed amulet of magic regeneration
 F - an uncursed amulet of guardian spirit
 M - an uncursed ring of positive energy
 S - an uncursed ring of protection from cold {unknown}
 U - an uncursed amulet of harm
Wands
 b - a wand of flame (19)
 c - a wand of digging (10)
 N - a wand of polymorph (14)
 T - a wand of paralysis (5)
Scrolls
 e - a scroll of identify
 k - 2 scrolls of fog
 l - 10 scrolls of remove curse
 n - 2 scrolls of enchant armour
 p - a scroll of fear
 t - 6 scrolls of enchant weapon
 v - 4 scrolls of teleportation
 R - a scroll of amnesia {unknown}
 W - a scroll of magic mapping {unknown}
Potions
 g - 3 potions of lignification {unknown}
 h - 6 potions of curing
 i - 3 potions of resistance {unknown}
 o - 2 potions of brilliance {unknown}
 q - 6 potions of heal wounds {unknown}
 s - a potion of flight
 w - a potion of cancellation {unknown}
 x - 4 potions of mutation {unknown}
 z - a potion of haste
 D - 3 potions of degeneration {unknown}
 V - a potion of ambrosia {unknown}
Books
 C - a book of Minor Magic

   Spells                             Type                      Level
   a - Magic Dart                     Conjuration                  1
   b - Blink                          Translocation                2
   c - Call Imp                       Summoning                    2
   d - Slow                           Hexes                        2
   e - Conjure Flame                  Conjuration/Fire             3
   f - Mephitic Cloud                 Conjuration/Poison/Air       3
 P - a Young Poisoner's Handbook

   Spells                             Type                      Level
   a - Sting                          Conjuration/Poison           1
   b - Poisonous Vapours              Poison/Air                   2
   c - Mephitic Cloud                 Conjuration/Poison/Air       3
   d - Olgreb's Toxic Radiance        Poison                       4
   e - Venom Bolt                     Conjuration/Poison           5
 Q - a book of Changes

   Spells                             Type                      Level
   a - Beastly Appendage              Transmutation                1
   b - Sticks to Snakes               Transmutation                2
   c - Spider Form                    Transmutation/Poison         3
   d - Ice Form                       Ice/Transmutation            4
   e - Blade Hands                    Transmutation                5
Comestibles
 f - 20 rations
 O - 2 chunks of flesh


   Skills:
 + Level 10.0 Fighting
 * Level 13.7 Long Blades
 - Level 2.0 Throwing
 + Level 7.7 Armour
 + Level 9.5 Dodging
 + Level 5.3 Shields


You had 10 spell levels left.
You didn't know any spells.

Dungeon Overview and Level Annotations

Branches:
Dungeon (10/15)            Temple (1/1) D:4            Lair (0/6) D:10
    Orc (0/2) D:10

Altars:
Ashenzari
Cheibriados
Dithmenos
Elyvilon
Fedhas
Gozag
Hepliaklqana
Kikubaaqudgha
Makhleb
Nemelex Xobeh
Okawaru
Qazlal
Ru
Sif Muna
Trog
Uskayaw
Vehumet
Wu Jian
Xom
Yredelemnul
Zin
The Shining One

Shops:
D:5 *   D:7 :


Innate Abilities, Weirdness & Mutations

You reflexively headbutt those who attack you in melee.
You have a pair of horns on your head.


Message History

There is a stone staircase leading up here.
You climb upwards.
There is a stone staircase leading down here.
There is a stone staircase leading up here.
You climb upwards.
Some of the chunks of flesh in your inventory have rotted away.
There is a stone staircase leading down here.
There is a stone staircase leading up here.
You climb upwards.
There is a stone staircase leading down here.
There is a stone staircase leading up here.
You climb upwards.
There is a stone staircase leading down here.
There is a huge open gate here.
There is an open gate here.
The orc shouts!
Some of the chunks of flesh in your inventory have rotted away.
There is a staircase leading out of the dungeon here.
Are you sure you want to leave the Dungeon?
This will make you lose the game!
You have escaped!

#### #.....# #......#
...####.....# ###......#
..).)....#######........###
...#.)...#.......#........####
.##..###....######......#....#
.##.##.......................#
....##.......................#
.#......#################†÷.>#
.##.....#≈≈≈≈≈≈≈@≈≈≈≈≈≈≈#....#
........#≈≈≈≈≈≈≈.≈≈≈≈≈≈≈#....#
........#≈≈≈≈.......≈≈≈≈#....#
........#≈≈..)........≈≈#....#
...#....#≈.............≈#...##
........#≈.............≈#...#
........###..8.###.8..###...#
........#o#...........#o#...#
..>..#..#######'''#######...#


You could see 2 orcs.

Vanquished Creatures
  2 centaur warriors (D:8)
  The ghost of htuhola the Cleaver, a novice HOAK of Lugonu (D:6)
  A gargoyle (D:10)
  2 hornets (D:9)
  A hippogriff (D:9)
  8 yaks
  Sigmund (D:5)
  A wyvern (D:9)
  Menkaure (D:6)
  A soldier ant (D:9)
  3 wargs (D:10)
  Duvessa (D:5)
  An ice beast (D:10)
  2 black bears
  3 orc warriors
  2 eyes of draining
  2 necrophages
  3 ogres (D:6)
  10 centaurs
  Blork the orc (D:5)
  3 elf zombies (Ossuary)
  4 bullfrogs
  4 gnoll sergeants
  Dowan (D:5)
  A wyvern zombie (D:7)
  3 scorpions
  8 killer bees (D:7)
  A howler monkey (D:6)
  8 wights
  5 crimson imps
  6 hounds
  A human zombie (Ossuary)
  A quasit (D:7)
  A centaur skeleton (D:6)
  2 centaur zombies
  3 gnoll shamans
  3 jellies
  6 orc priests
  10 orc wizards
  Jessica (D:3)
  A bullfrog skeleton (D:3)
  Natasha (thrice) (D:3)
  2 iguanas
  7 worker ants
  A killer bee zombie (D:10)
  2 mummies (Ossuary)
  A hound skeleton (D:8)
  53 gnolls
  11 adders
  2 howler monkey skeletons
  A shadow imp (D:5)
  An ooze (D:1)
  2 adder zombies (Ossuary)
  4 worms (D:2)
  3 dart slugs
  4 leopard geckos
  28 orcs
  3 ball pythons
  11 giant cockroaches
  5 goblins
  16 hobgoblins
  18 jackals
  7 quokkas
  7 bats
  8 frilled lizards
  7 hobgoblin zombies (Ossuary)
  A jackal skeleton (D:8)
  11 kobolds
  12 kobold zombies (Ossuary)
  A leopard gecko skeleton (D:7)
  10 orc zombies (Ossuary)
  A quokka skeleton (D:5)
  7 rats
  A rat zombie (Ossuary)
371 creatures vanquished.

Notes
Turn   | Place    | Note
-------+----------+-------------------------------------------
     0 | D:1      | RepoMan the Minotaur Gladiator began the quest for the Orb.
     0 | D:1      | Reached XP level 1. HP: 18/18 MP: 0/0
   129 | D:1      | Reached skill level 4 in Long Blades
   129 | D:1      | Reached XP level 2. HP: 25/25 MP: 1/1
   172 | D:1      | Reached XP level 3. HP: 21/31 MP: 2/2
   905 | D:2      | Reached XP level 4. HP: 38/38 MP: 3/3
   936 | D:2      | Reached skill level 5 in Long Blades
  1655 | D:3      | Noticed Natasha
  1661 | D:3      | Killed Natasha
  1661 | D:3      | Reached XP level 5. HP: 23/46 MP: 4/4
  2112 | D:3      | Noticed Natasha
  2116 | D:3      | Found a faded altar of an unknown god.
  2129 | D:3      | Killed Natasha
  2129 | D:3      | Reached skill level 6 in Long Blades
  2465 | D:3      | Noticed Natasha
  2483 | D:3      | Killed Natasha
  2483 | D:3      | Reached XP level 6. HP: 20/53 MP: 5/5
  2729 | D:3      | Reached skill level 5 in Dodging
  2730 | D:3      | Reached skill level 7 in Long Blades
  2784 | D:3      | Reached XP level 7. HP: 32/60 MP: 6/6
  2789 | D:3      | Reached skill level 5 in Fighting
  3018 | D:3      | Noticed Jessica
  3027 | D:3      | Killed Jessica
  3049 | D:3      | Reached skill level 8 in Long Blades
  3195 | D:4      | Found a basalt altar of Yredelemnul.
  3196 | D:4      | Found a blossoming altar of Fedhas.
  3196 | D:4      | Found a bloodstained altar of Trog.
  3198 | D:4      | Found a shattered altar of Ashenzari.
  3199 | D:4      | Found a deep blue altar of Sif Muna.
  3200 | D:4      | Found an ornate altar of the Wu Jian Council.
  3201 | D:4      | Found a hazy altar of Hepliaklqana.
  3472 | D:4      | Found a sand-covered staircase.
  3481 | Ossuary  | Entered an ossuary
  3641 | Ossuary  | Reached XP level 8. HP: 54/70 MP: 7/7
  3692 | Ossuary  | Reached skill level 9 in Long Blades
  3922 | D:4      | Got a jewelled ring mail
  3934 | D:4      | Identified the cursed +0 ring mail of Hypnul {+Fly rC++ Regen+ rCorr} (You took it off a gnoll on level 4 of the Dungeon)
  4237 | D:4      | Found a staircase to the Ecumenical Temple.
  4246 | Temple   | Entered the Ecumenical Temple
  4370 | D:5      | Entered Level 5 of the Dungeon
  4397 | D:5      | Noticed Blork the orc
  4402 | D:5      | Killed Blork the orc
  4412 | D:5      | Found a sacrificial altar of Ru.
  4438 | D:5      | Noticed Duvessa
  4447 | D:5      | Noticed Dowan
  4459 | D:5      | Killed Duvessa
  4459 | D:5      | Reached skill level 1 in Armour
  4462 | D:5      | Killed Dowan
  4689 | D:5      | Noticed Sigmund
  4703 | D:5      | Killed Sigmund
  4703 | D:5      | Reached skill level 10 in Long Blades
  4755 | D:5      | Found Ahuu's Assorted Antiques.
  4758 | D:5      | Bought an embroidered scarf for 264 gold pieces
  4969 | D:6      | Reached XP level 9. HP: 79/79 MP: 0/8
  5200 | D:6      | Noticed htuhola's ghost (novice HOAK)
  5230 | D:6      | Killed htuhola's ghost
  5340 | D:6      | Reached skill level 11 in Long Blades
  5414 | D:6      | Got a warped leather armour
  5437 | D:6      | Noticed Menkaure
  5474 | D:6      | Killed Menkaure
  5638 | D:6      | Reached skill level 5 in Armour
  5832 | D:6      | Found a burning altar of Makhleb.
  5832 | D:6      | Found a shimmering altar of Xom.
  6294 | D:7      | Found a hide-covered altar of Uskayaw.
  6305 | D:7      | Became a worshipper of Uskayaw the Reveler
  6324 | D:7      | Reached * piety under Uskayaw
  6353 | D:7      | Got a slimy steel ring
  6406 | D:7      | Reached ** piety under Uskayaw
  6408 | D:7      | Reached XP level 10. HP: 90/90 MP: 9/9
  6453 | D:7      | Reached skill level 1 in Shields
  6527 | D:7      | Found Mashrabb's Book Boutique.
  6747 | D:7      | Reached skill level 12 in Long Blades
  6917 | D:7      | Reached *** piety under Uskayaw
  6922 | D:7      | Reached **** piety under Uskayaw
  7072 | D:7      | Identified the ring of Yjeqoust {Ice +Fly Str-5 Dex+3} (You found it on level 7 of the Dungeon)
  7085 | D:7      | Identified the +1 leather armour of Impatience {*Drain Str+7 Int+2 Stlth-} (You found it on level 6 of the Dungeon)
  7193 | D:8      | Noticed a centaur warrior
  7198 | D:8      | Noticed a centaur warrior
  7204 | D:8      | Killed a centaur warrior
  7207 | D:8      | Killed a centaur warrior
  7207 | D:8      | Reached ***** piety under Uskayaw
  7272 | D:8      | Got a bloodstained falchion
  7274 | D:8      | Identified the +4 falchion of Equivalence {holy, rC+ rN+ Str+3 Int-2} (You found it on level 8 of the Dungeon)
  7322 | D:8      | Found a snail-covered altar of Cheibriados.
  7704 | D:8      | Got a polished plate armour
  7856 | D:9      | Reached skill level 13 in Long Blades
  8121 | D:9      | Reached XP level 11. HP: 57/97 MP: 10/10
  8137 | D:9      | Reached ****** piety under Uskayaw
  8671 | D:9      | Found a sacrificial altar of Ru.
  8671 | D:9      | Found a glowing golden altar of the Shining One.
  8697 | D:10     | Entered Level 10 of the Dungeon
  8739 | D:10     | Reached skill level 5 in Shields
  8746 | D:10     | Found a staircase to the Lair.
  8792 | D:10     | Found a shimmering altar of Xom.
  8973 | D:10     | Reached skill level 10 in Fighting
  8998 | D:10     | Found a staircase to the Orcish Mines.
  9258 | D:$      | Got out of the dungeon alive.

Skill      XL: |  1  2  3  4  5  6  7  8  9 10 11 |
---------------+----------------------------------+-----
Long Blades    | 4 5 6 7 8 10 11 13 | 13.7
Fighting       | 3 4 6 7 8 9 10 | 10.0
Dodging        | 4 5 6 7 8 9 |  9.5
Armour         | 3 5 7 |  7.7
Shields        | 4 5 |  5.3
Throwing       | |  2.0

Action                   |  1- 3 |  4- 6 |  7- 9 | 10-12 || total
-------------------------+-------+-------+-------+-------++-------
Melee: Long sword        |    81 |   155 |   448 |   118 ||   802
       Headbutt          |    13 |    30 |   129 |   116 ||   288
       Falchion          |       |       |       |   242 ||   242
Throw: Throwing net      |       |     6 |     7 |       ||    13
Invok: Stomp             |       |       |       |     3 ||     3
       Line Pass         |       |       |       |     3 ||     3
Evoke: Wand              |       |       |     7 |       ||     7
  Use: Potion            |       |     2 |       |       ||     2
       Scroll            |       |       |       |    16 ||    16
 Stab: Held in net/web   |       |       |     4 |       ||     4
       Sleeping          |       |       |     2 |       ||     2
       Distracted        |       |       |     2 |       ||     2
       Paralysed         |       |       |       |    16 ||    16
       Confused          |       |       |       |     1 ||     1
  Eat: Chunk             |       |     6 |     9 |    11 ||    26
       Ration            |       |       |     1 |       ||     1
Armor: Leather armour    |    17 |    20 |    19 |    10 ||    66
       Ring mail         |       |       |    38 |    22 ||    60
Dodge: Dodged            |    62 |   115 |   262 |    91 ||   530
       Deflected         |       |       |     4 |     3 ||     7
Block: Shield            |       |       |     6 |   162 ||   168
       Rpst.: Long sword |    14 |    30 |    58 |    12 ||   114
       Falchion          |       |       |       |    14 ||    14
